 Dungeon Crawl Stone Soup version 0.20-a0-854-g0cc194a (webtiles) character file.

3901 Alarkh the Insei (level 10, -2/75 HPs)
             Began as a Demonspawn Transmuter on Mar 11, 2017.
             Was a Believer of Okawaru.
             Killed from afar by Erica (40 damage)
             ... with a bolt of poison
             ... on level 8 of the Dungeon.
             The game lasted 00:13:33 (11895 turns).

Alarkh the Insei (Demonspawn Transmuter)           Turns: 11895, Time: 00:13:34

Health: -2/75      AC:  2    Str: 11    XL:     10   Next: 0%
Magic:  15/17      EV: 30    Int: 21    God:    Okawaru [**....]
Gold:   538        SH:  0    Dex: 23    Spells: 8/18 levels left

rFire    . . .     SeeInvis .     - Unarmed
rCold    . . .     Gourm    .   (armour currently unavailable)
rNeg     . . .     Faith    +   (shield currently unavailable)
rPois    x         Spirit   .   (helmet currently unavailable)
rElec    .         Reflect  .   (cloak currently unavailable)
rCorr    +         Harm     .   (gloves currently unavailable)
MR       .....                  (boots currently unavailable)
Stlth    +++.......             n - amulet of faith
Regen    0.3/turn               w - +3 ring of intelligence
MPRegen  0.2/turn               q - ring of resist corrosion

@: agile, lethally poisoned (-2 -> -32), spider-form, slowed, very slow
A: (talons 0), (fire resistance 0), powered by death 1, (sanguine armour 0)
a: End Transformation, Heroism, Renounce Religion


You were on level 8 of the Dungeon.
You worshipped Okawaru.
Okawaru was pleased with you.
You were near starving.
You were a venomous arachnid creature.
You visited 2 branches of the dungeon, and saw 9 of its levels.

You collected 599 gold pieces.
You spent 61 gold pieces at shops.

Inventory:

Missiles
 a - 160 arrows
Armour
 b - a +0 robe
 D - a +0 robe of poison resistance (melded)
 E - a +0 cloak (melded)
 F - a +0 helmet (melded)
Magical Staves
 H - an uncursed staff of conjuration
Jewellery
 n - an amulet of faith (around neck)
 q - a ring of resist corrosion (left front leg)
 w - a +3 ring of intelligence (right front leg)
Wands
 r - a wand of clouds (4/9)
 t - a wand of acid (6/15)
 I - a wand of acid (8/15)
Scrolls
 e - a scroll of identify
 g - a scroll of random uselessness {unknown}
 h - 2 scrolls of recharging
 j - a scroll of enchant weapon
 k - 5 scrolls of remove curse
 l - 3 scrolls of teleportation
 m - a scroll of fog {unknown}
 o - 2 scrolls of blinking {unknown}
 y - a scroll of immolation {unknown}
 G - a scroll of magic mapping {unknown}
Potions
 f - 2 potions of haste
 s - a potion of brilliance
 u - a potion of might
 v - 3 potions of curing
 A - a potion of magic
 B - a potion of flight {unknown}
 C - 3 potions of lignification
Books
 c - a book of Changes

   Spells                             Type                      Level
   a - Beastly Appendage              Transmutation                1
   b - Sticks to Snakes               Transmutation                2
   c - Spider Form                    Transmutation/Poison         3
   d - Ice Form                       Ice/Transmutation            4
   e - Blade Hands                    Transmutation                5
 K - a book of Geomancy

   Spells                             Type                      Level
   a - Sandblast                      Earth                        1
   b - Passwall                       Transmutation/Earth          2
   c - Stone Arrow                    Conjuration/Earth            3
   d - Petrify                        Transmutation/Earth          4
   e - Lee's Rapid Deconstruction     Earth                        5
 L - a book of Cantrips

   Spells                             Type                      Level
   a - Confusing Touch                Hexes                        1
   b - Animate Skeleton               Necromancy                   1
   c - Summon Small Mammal            Summoning                    1
   d - Apportation                    Translocation                1
Comestibles
 d - 7 bread rations
 i - 4 meat rations
 z - 8 royal jellies
 J - 2 fruits


   Skills:
 + Level 5.6 Fighting
 + Level 5.6 Dodging
 * Level 7.8 Unarmed Combat
 + Level 4.7 Spellcasting
 * Level 6.9 Transmutations


You had 8 spell levels left.
You knew the following spells:

 Your Spells              Type           Power        Failure   Level  Hunger
a - Ice Form              Ice/Tmut       ###.....     50%         4    ####...
b - Sticks to Snakes      Tmut           ####....     4%          2    #......
c - Beastly Appendage     Tmut           ####..       4%          1    None
d - Spider Form           Tmut/Pois      ###.......   24%         3    ##.....


Dungeon Overview and Level Annotations

Branches:
Dungeon (8/15)             Temple (1/1) D:6
   Lair: D:8-11

Altars:
Ashenzari
Cheibriados
Dithmenos
Elyvilon
Fedhas
Gozag
Hepliaklqana
Kikubaaqudgha
Makhleb
Nemelex Xobeh
Okawaru
Qazlal
Ru
Sif Muna
Trog
Uskayaw
Vehumet
Wu Jian
Xom
Yredelemnul
Zin
The Shining One

Shops:
D:5 *

Annotations:
D:8 Erica


Innate Abilities, Weirdness & Mutations

((You have razor-sharp toenails.))
((Your flesh is heat resistant. (rF+)))
You regenerate a little health from kills.
((When seriously injured, your bleeding wounds create very thick armour. (AC +0)))


Message History

Erica misses you.
You hit Erica.
Erica looks as sick as possible!
Erica is moderately wounded.
Erica casts a spell at you. The orb of energy hits you!
* * * LOW HITPOINT WARNING * * *
The orb of energy explodes!
You feel much better.
Erica points at you and mumbles some strange words.
You feel yourself slow down.
You feel agile all of a sudden.
Erica hits you with a scimitar of flaming.
Erica burns you.
You hit Erica.
Erica looks as sick as possible!
Erica is heavily wounded.
Erica casts a spell at you. The bolt of poison hits you!
You are poisoned.
Ouch! That really hurt!
You die...

#..... #.###.>#.#
#.....<#.#
#####....##
#.....# #.#.###.#
#.......#
#######.#
#.####### #.....##
#..@s...#
#.###.##########.#
#....#.......#
####.##.######
##.##.#
#..##.#####
#.###.#...#
#.....#.#.#
#.......#.#


You could see Erica.

Vanquished Creatures
  The ghost of nht the Cleaver, an amateur HOGl of Wu Jian (D:4)
  Prince Ribbit (D:7)
  Sigmund (D:4)
  A human (D:7)
  4 hogs (D:7)
  A hungry ghost (D:8)
  Menkaure (D:7)
  Duvessa (D:7)
  A sky beast (D:6)
  2 orc warriors (D:7)
  An ice beast (D:5)
  A black bear (D:7)
  5 phantoms
  4 ogres
  A big kobold (D:7)
  A bullfrog (D:6)
  A scorpion (D:6)
  Dowan (D:7)
  A howler monkey (D:6)
  3 crimson imps
  A quasit (D:6)
  4 hounds
  Crazy Yiuf (D:5)
  2 orc wizards
  Jessica (D:2)
  3 worker ants
  A hound skeleton (D:4)
  7 gnolls
  12 adders
  3 shadow imps
  An ooze (D:2)
  An adder skeleton (D:6)
  2 worms
  A dart slug (D:3)
  5 leopard geckos
  17 orcs
  3 ball pythons
  6 giant cockroaches
  11 goblins
  12 hobgoblins
  6 jackals
  5 quokkas
  4 bats
  3 frilled lizards
  A jackal skeleton (D:6)
  18 kobolds
  3 rats
167 creatures vanquished.

Notes
Turn   | Place    | Note
-------+----------+-------------------------------------------
     0 | D:1      | Alarkh the Demonspawn Transmuter began the quest for the Orb.
     0 | D:1      | Reached XP level 1. HP: 15/15 MP: 3/3
   274 | D:1      | Gained mutation: When seriously injured, your bleeding wounds create armour. (AC +0) [demonic ancestry]
   274 | D:1      | Reached XP level 2. HP: 13/21 MP: 5/5
   545 | D:1      | Reached skill level 3 in Unarmed Combat
  1645 | D:2      | Gained mutation: You regenerate a little health from kills. [demonic ancestry]
  1645 | D:2      | Reached XP level 3. HP: 15/26 MP: 4/6
  2631 | D:2      | Noticed Jessica
  2644 | D:2      | Killed Jessica
  2644 | D:2      | Gained mutation: Your flesh is heat resistant. (rF+) [demonic ancestry]
  2644 | D:2      | Reached XP level 4. HP: 20/33 MP: 7/7
  2931 | D:3      | Learned a level 2 spell: Sticks to Snakes
  2935 | D:3      | Learned a level 3 spell: Spider Form
  3135 | D:3      | Reached skill level 4 in Unarmed Combat
  3424 | D:3      | Reached XP level 5. HP: 27/39 MP: 6/8
  3853 | D:3      | Found a hazy altar of Hepliaklqana.
  4036 | D:4      | Noticed Sigmund
  4046 | D:4      | Killed Sigmund
  4046 | D:4      | Gained mutation: You have sharp toenails. [demonic ancestry]
  4046 | D:4      | Reached XP level 6. HP: 38/46 MP: 6/9
  4293 | D:4      | Noticed nht's ghost (amateur HOGl)
  4301 | D:4      | Learned a level 4 spell: Ice Form
  4601 | D:4      | Killed nht's ghost
  4601 | D:4      | Reached skill level 5 in Unarmed Combat
  4601 | D:4      | Gained mutation: You have razor-sharp toenails. [demonic ancestry]
  4601 | D:4      | Reached XP level 7. HP: 24/52 MP: 9/11
  5916 | D:5      | Entered Level 5 of the Dungeon
  6268 | D:5      | Gained mutation: When seriously injured, your bleeding wounds create thick armour. (AC +0) [demonic ancestry]
  6268 | D:5      | Reached XP level 8. HP: 38/60 MP: 8/12
  6366 | D:5      | Found a runed door.
  7054 | D:5      | Reached skill level 6 in Unarmed Combat
  7297 | D:5      | Found a shattered altar of Ashenzari.
  7507 | D:5      | Found a sacrificial altar of Ru.
  7757 | D:5      | Found Emicaun's Serpentskin Sales.
  7780 | D:5      | Reached skill level 5 in Transmutations
  7925 | D:5      | Bought a +0 robe of poison resistance for 61 gold pieces
  8206 | D:5      | Noticed Crazy Yiuf
  8214 | D:5      | Killed Crazy Yiuf
  9103 | D:6      | Gained mutation: When seriously injured, your bleeding wounds create very thick armour. (AC +0) [demonic ancestry]
  9103 | D:6      | Reached XP level 9. HP: 60/66 MP: 10/14
  9172 | D:6      | Found a staircase to the Ecumenical Temple.
  9208 | Temple   | Entered the Ecumenical Temple
  9413 | Temple   | Became a worshipper of Warmaster Okawaru
  9564 | D:6      | Noticed a hand axe
  9564 | D:6      | Found a hide-covered altar of Uskayaw.
  9566 | D:6      | Noticed a hand axe
  9579 | D:6      | Reached skill level 5 in Dodging
 10412 | D:7      | Noticed Prince Ribbit
 10423 | D:7      | Killed Prince Ribbit
 10423 | D:7      | Reached * piety under Okawaru
 10423 | D:7      | Reached skill level 7 in Unarmed Combat
 10536 | D:7      | Noticed Menkaure
 10824 | D:7      | Found a glowing golden altar of the Shining One.
 10866 | D:7      | Found a stormy altar of Qazlal.
 10872 | D:7      | Found a blossoming altar of Fedhas.
 10896 | D:7      | Reached skill level 5 in Fighting
 11055 | D:7      | Noticed Dowan
 11078 | D:7      | Killed Dowan
 11081 | D:7      | Noticed Duvessa
 11203 | D:7      | Killed Duvessa
 11336 | D:7      | Reached ** piety under Okawaru
 11450 | D:7      | Killed Menkaure
 11785 | D:8      | Reached XP level 10. HP: 75/75 MP: 12/17
 11849 | D:8      | Noticed Erica
 11895 | D:8      | Killed from afar by Erica

Vault maps used:
D:1:      dpeg_arrival_simpleton_a, minmay_pentomino_x2
D:2:      uniq_jessica
D:3:      corexii_shack_village, nicolae_overflow_hidden_temple, first_bread
D:4:      lemuel_another_geyser, uniq_sigmund
D:5:      nicolae_overflow_crystal_walls, ashenzari_conservatory_becter,
          guppyfry_shop_venom, uniq_crazy_yiuf_cottage
D:6:      dancing_weapons_uskayaw, minmay_temple_entry_junction
D:7:      grunt_temple_overflow_forces_of_nature, tso_oasis_becter,
          grunt_livestock, uniq_menkaure, uniq_duvessa, uniq_prince_ribbit1
D:8:      uniq_psyche, uniq_erica, uniq_maurice
Temple:   regret_index_temple_generic_petals

Skill      XL: |  1  2  3  4  5  6  7  8  9 |
---------------+----------------------------+-----
Dodging        | 2 3 4 5 |  5.6
Unarmed Combat | 3 4 5 6 7 |  7.8
Fighting       | 2 3 4 5 |  5.6
Transmutations | 2 3 4 5 6 |  6.9
Spellcasting   | 3 4 |  4.7

Action                   |  1- 3 |  4- 6 |  7- 9 | 10-12 || total
-------------------------+-------+-------+-------+-------++-------
Melee: Unarmed           |   166 |   187 |   499 |     5 ||   857
       Headbutt          |     6 |       |    16 |       ||    22
       Kick              |     3 |    15 |    63 |       ||    81
       Punch             |     1 |     2 |     7 |       ||    10
 Cast: Beastly Appendage |    17 |    11 |    15 |       ||    43
       Spider Form       |       |    11 |    25 |     1 ||    37
       Ice Form          |       |       |     3 |     1 ||     4
 Abil: End Transformatio |       |       |       |     1 ||     1
Evoke: Wand              |       |     1 |       |       ||     1
  Use: Scroll            |     2 |     5 |     3 |       ||    10
       Potion            |       |     3 |     1 |     2 ||     6
 Stab: Sleeping          |       |       |     1 |       ||     1
  Eat: Chunk             |     5 |     7 |    10 |       ||    22
       Fruit             |     1 |       |     2 |       ||     3
       Meat ration       |       |       |     3 |       ||     3
Armor: Robe              |    43 |    23 |    77 |       ||   143
       Skin              |       |     2 |    17 |       ||    19
Dodge: Dodged            |   117 |   152 |   365 |     1 ||   635
